Map: Frozen Temple

Players

IIIlllIIIlll - Winner!

  • Race: Zerg Zerg
  • League: Master

Miszu

  • Race: Terran Terran
  • League: Master

VOD

Have the link to the VOD?

Description

Time

  • Played on: April 30, 2016, 7:13 p.m.
  • Length: 12:15
Show
View Real Time Build Order
Export as new Build Order

IIIlllIIIlll Zerg - Winner!

Build Orders: Hatch First, Muta Ling Bane 

Get SALT Encoding   

  12  0:02  Drone  
  13  0:13  Overlord  
  13  0:17  Drone  
  14  0:31  Drone  
  14  0:32  Drone  
  14  0:35  Drone  
  17  0:52  Hatchery  
  17  0:55  Drone  
  17  0:59  Drone  
  18  1:10  Extractor  
  17  1:14  Spawning Pool  
  17  1:17  Drone  
  17  1:21  Drone  
  18  1:29  Drone  
  19  1:39  Overlord  
  19  1:52  Drone  
  20  2:02  Queen  
  20  2:03  Zergling x2  
  20  2:04  Zergling x2, Queen  
  26  2:10  Metabolic Boost  
  26  2:12  Zergling x2  
  27  2:16  Drone  
  28  2:24  Drone  
  29  2:32  Drone  
  30  2:38  Spore Crawler  
  29  2:47  Overlord, Pneumatized Carapace  
  29  2:48  Drone x3  
  33  2:52  Queen  
  35  3:00  Drone  
  36  3:13  Drone x3  
  36  3:17  Overlord  
  40  3:20  Drone x5  
  44  3:34  Hatchery  
  43  3:42  Roach Warren  
  43  3:45  Drone x2  
  43  3:46  Extractor  
  43  3:51  Overlord  
  43  3:53  Drone x2  
  45  4:08  Overlord, Drone  
  45  4:09  Drone x5  
  51  4:14  Lair  
  51  4:20  Overlord  
  51  4:21  Overlord  
  51  4:26  Extractor  
  51  4:27  Extractor  
  51  4:28  Drone x4  
  53  4:48  Spore Crawler  
  53  4:49  Drone x2  
  53  4:50  Spore Crawler  
  53  4:54  Drone x2  
  53  4:56  Evolution Chamber  
  53  4:57  Queen, Evolution Chamber  
  53  4:58  Drone x4  
  58  5:07  Drone x4  
  61  5:20  Spire  
  60  5:25  Zerg Melee Weapons Level 1, Zerg Ground Armor Level 1  
  59  5:34  Baneling Nest  
  59  5:35  Drone x3  
  59  5:36  Drone x2  
  63  5:44  Overlord  
  63  5:46  Drone x5  
  68  5:54  Drone x6  
  74  6:07  Drone x8  
  74  6:10  Overlord, Extractor x2  
  79  6:12  Overlord  
  79  6:17  Overlord  
  79  6:25  Centrifical Hooks  
  79  6:31  Mutalisk x2  
  79  6:32  Mutalisk x3  
  89  6:36  Zergling x10  
  94  6:41  Mutalisk  
  94  6:43  Zerg Flyer Armor Level 1  
  94  6:44  Overlord  
  94  6:45  Overlord  
  94  7:02  Drone x3  
  94  7:03  Drone x2, Hatchery  
  94  7:05  Mutalisk  
  98  7:10  Zergling x2  
  98  7:11  Zergling x6  
  102  7:20  Baneling x5  
  102  7:24  Overlord  
  102  7:25  Overlord  
  102  7:26  Zerg Ground Armor Level 2  
  102  7:30  Zerg Melee Weapons Level 2  
  102  7:33  Overseer  
  102  7:34  Mutalisk x2  
  106  7:45  Mutalisk  
  106  7:50  Mutalisk, Hatchery  
  106  7:51  Mutalisk x2  
  109  7:57  Zergling x6  
  109  7:58  Zergling x6  
  119  8:04  Baneling x10  
  118  8:10  Zergling x12  
  118  8:11  Zergling x4  
  126  8:15  Zergling x8  
  118  8:30  Zergling x12  
  118  8:33  Mutalisk  
  120  8:36  Queen  
  120  8:39  Mutalisk x4  
  129  8:45  Baneling  
  129  8:46  Baneling x4  
  129  8:54  Drone x7  
  136  9:00  Infestation Pit, Zergling x2  
  136  9:02  Zergling x2  
  137  9:03  Overlord x2  
  137  9:04  Overlord x2  
  137  9:05  Baneling x4  
  137  9:16  Zergling x8  
  137  9:17  Zergling x4  
  127  9:23  Queen  
  126  9:25  Zergling x8  
  126  9:30  Zergling x2  
  126  9:31  Zergling x8  
  135  9:33  Baneling x4  
  135  9:34  Zergling x2  
  136  9:39  Zergling x2  
  136  9:40  Zergling x4  
  136  9:45  Hive  
  139  9:47  Zerg Flyer Weapons Level 1  
  139  9:51  Zergling x4  
  139  9:52  Zergling x6  
  143  9:59  Zergling x22  
  141  10:09  Zergling x2  
  141  10:10  Zergling x8  
  141  10:13  Mutalisk  
  141  10:14  Mutalisk  
  137  10:18  Overseer  
  139  10:21  Zergling x6  
  139  10:22  Zergling x6, Baneling  
  139  10:23  Baneling x5  
  139  10:24  Zergling x2  
  139  10:25  Zergling x12  
  151  10:28  Mutalisk  
  151  10:29  Mutalisk x2  
  151  10:32  Zergling x2  
  151  10:35  Zergling x2  
  147  10:40  Mutalisk x3  
  149  10:44  Zergling x2  
  150  10:51  Zergling x8  
  150  10:56  Zergling x4  
  145  11:02  Zergling x6  
  143  11:08  Zergling x4  
  142  11:17  Zergling x14  
  147  11:27  Zergling x2  
  147  11:28  Zergling x12, Ultralisk Cavern  
  153  11:34  Extractor  
  153  11:35  Extractor  
  151  11:42  Mutalisk  
  151  11:43  Mutalisk x2  
  151  11:44  Zergling x8  
  151  11:45  Zergling x2  
  157  11:51  Zergling x2  
  158  11:55  Overlord x4  
Show
View Real Time Build Order
Export as new Build Order

Miszu Terran 

Build Orders: Liberator Opening, Reaper Expand, MMM Bio 

Get SALT Encoding   

  12  0:00  SCV  
  13  0:12  SCV  
  14  0:17  Supply Depot  
  14  0:24  SCV  
  15  0:39  SCV  
  15  0:40  Barracks  
  16  0:44  Refinery  
  16  0:51  SCV  
  17  1:03  SCV  
  18  1:15  SCV  
  19  1:27  Orbital Command  
  19  1:28  Reaper  
  20  1:43  Command Center  
  20  1:51  Supply Depot  
  20  1:53  SCV  
  21  2:00  Marine  
  22  2:06  SCV  
  23  2:08  Factory  
  23  2:18  SCV  
  23  2:21  Barracks Reactor, Refinery  
  24  2:32  SCV  
  25  2:44  SCV  
  26  2:54  Orbital Command  
  26  2:56  Starport, SCV  
  26  2:57  Marine x2  
  29  2:59  Factory Tech Lab  
  29  3:06  Bunker  
  29  3:08  SCV  
  30  3:20  Siege Tank, SCV  
  30  3:24  SCV  
  35  3:32  Liberator, SCV  
  35  3:36  SCV  
  35  3:37  Supply Depot  
  35  3:38  Marine x2  
  38  3:44  SCV  
  39  3:48  SCV  
  43  3:56  SCV  
  43  4:01  SCV  
  45  4:03  Command Center  
  45  4:08  SCV  
  46  4:15  Liberator  
  46  4:17  Marine  
  46  4:18  SCV  
  46  4:22  Barracks x2, SCV  
  49  4:24  Supply Depot  
  49  4:30  SCV  
  50  4:35  SCV  
  54  4:39  Engineering Bay  
  54  4:40  Engineering Bay  
  54  4:46  Refinery, SCV  
  54  4:47  SCV  
  54  4:49  Supply Depot, Refinery  
  56  4:53  Siege Tank  
  56  4:58  SCV  
  56  4:59  SCV  
  61  5:09  Barracks Tech Lab x2  
  61  5:10  Terran Infantry Armor Level 1  
  61  5:15  SCV, Orbital Command  
  61  5:16  SCV  
  63  5:22  Terran Infantry Weapons Level 1, Marine  
  63  5:23  Marine  
  63  5:25  Starport Reactor  
  63  5:27  SCV  
  63  5:28  SCV  
  67  5:37  Barracks  
  67  5:38  Barracks  
  67  5:39  Marine x2  
  67  5:40  Stimpack  
  69  5:48  Marine x2  
  71  5:52  Siege Tank  
  71  5:53  SCV  
  75  6:03  Marine x2  
  77  6:11  Medivac x2  
  79  6:13  SCV x2  
  79  6:14  Supply Depot  
  79  6:16  Supply Depot  
  83  6:21  Barracks  
  83  6:22  Barracks  
  83  6:25  Barracks Reactor, Marine x2  
  85  6:26  Barracks Reactor  
  85  6:27  Barracks  
  85  6:30  Armory  
  85  6:35  SCV x2, Orbital Command  
  85  6:36  Supply Depot  
  85  6:39  Supply Depot  
  87  6:46  Marine  
  87  6:47  SCV  
  87  6:48  SCV  
  87  6:50  Marine  
  87  6:52  Marine  
  92  7:00  SCV x2, Missile Turret  
  92  7:01  SCV  
  92  7:04  Missile Turret  
  92  7:07  Medivac x2  
  93  7:12  SCV x2  
  93  7:13  SCV  
  96  7:16  Barracks Tech Lab x2, Factory Reactor  
  96  7:17  Barracks Tech Lab, Missile Turret  
  96  7:22  Missile Turret  
  96  7:24  SCV x2, Missile Turret  
  96  7:25  SCV  
  99  7:31  Marine, Marauder  
  99  7:32  Marauder  
  99  7:36  Supply Depot, SCV x2  
  106  7:37  SCV  
  106  7:38  Supply Depot x2  
  106  7:41  Marauder x3  
  113  7:45  Marine  
  113  7:47  Concussive Shells  
  113  7:48  SCV x2, Combat Shields  
  113  7:49  Marine, SCV  
  117  7:53  Marine  
  117  7:56  Marine  
  117  8:02  Marine, Liberator  
  117  8:04  Marine x3, Marauder  
  122  8:08  Supply Depot x2  
  122  8:09  Supply Depot, Liberator  
  122  8:10  Marine  
  122  8:11  Marine x4  
  127  8:19  Marine  
  128  8:21  Widow Mine  
  128  8:25  Widow Mine  
  114  8:35  Marine, Marauder  
  114  8:36  Marine x5, Marauder x3  
  114  8:37  Marine  
  125  8:46  Starport  
  125  8:47  Terran Infantry Weapons Level 2  
  125  8:48  Command Center  
  125  8:51  Widow Mine  
  125  8:53  Marine  
  125  8:54  Marine x6  
  134  8:59  Terran Infantry Armor Level 2  
  134  9:02  Marauder x2  
  138  9:03  Marine, Marauder  
  130  9:21  Medivac  
  130  9:22  Medivac, Marauder  
  132  9:29  Marine, Marauder x2  
  132  9:30  Marine x2, Marauder x2  
  143  9:43  Marauder  
  145  9:47  Marine x6  
  145  9:50  Marine, Marauder  
  145  9:51  Marauder  
  156  9:53  Marauder  
  156  9:54  Liberator  
  154  10:04  Marine x2, Liberator  
  154  10:05  Marine, Liberator  
  144  10:10  Marine x5  
  144  10:11  Marine  
  144  10:12  Marine  
  136  10:14  Marine  
  142  10:22  Marine x2  
  142  10:23  Marine  
  142  10:27  Marine  
  142  10:28  Marine x3  
  130  10:37  Liberator  
  130  10:40  Marine  
  130  10:41  Marine x2  
  130  10:42  Marine  
  122  10:47  Marine, Liberator  
  122  10:48  Marine x6  
  113  10:58  Marine  
  113  10:59  Marine x2  
  113  11:00  Marine  
  105  11:05  Marine, Liberator  
  105  11:06  Marine  
  96  11:16  Marine  
  96  11:17  Marine x6  
  96  11:18  Marine  
  95  11:23  Marine  
  95  11:24  Marine  
  98  11:27  Widow Mine  
  98  11:28  Widow Mine  
  102  11:34  Marine x6  
  102  11:35  Marine x2  
  113  11:41  Marine  
  113  11:42  Marine  
Tags
 
Add a new tag
Caveats
  • Supply blocks, unpowered buildings, or Contaminate may cause inaccurate times.
  • Supply counts are checked every 10 seconds.